AoeStats
← Full Random enjoyer

Arabian Desert

510154541Analyzed
1v1 RM · 3d ago on Sep 29, 2026· 13m 12s· 2 players
Game mode
Random Map
Map size
Tiny (2 player)
Population
200
Speed
Normal
Resources
Standard
Victory
Conquest
Starting age
Dark Age
Ending age
Imperial Age
RankedLock teamsTeams togetherTeam positionsShared explorationLock speedFull tech treeHidden civsTurbo modeCheats
Victory
Defeat
🇲🇽 Celts · Mexico
1223
+14
🇮🇪 Chinese · Ireland
1182
-14
Harmless Villager
0:25 Loom
10:40 Feudal Age
11:19 Double-Bit Axe
11:15 Horse Collar
12:49 Wheelbarrow
13:02 Wheelbarrow
Full Random enjoyer
7:25 Loom
15:07 Feudal Age
Connection lost

Rejoining the realm…

Still unreachable

The connection could not be restored.

Session expired

The server has moved on; the page needs a fresh start.